 Dungeon Crawl Stone Soup version 0.14-a0-3315-g09e681a (webtiles) character file.

18727 Kae the Executioner (level 12, -1/90 HPs)
             Began as a Lava Orc Fighter on Mar 15, 2014.
             Was a High Priest of Beogh.
             Slain by a six-headed hydra (8 damage)
             ... on Level 3 of the Lair of Beasts.
             The game lasted 00:27:45 (14520 turns).

Kae the Executioner (Lava Orc Fighter)             Turns: 14520, Time: 00:27:45

HP  -1/90        AC 12     Str 27      XL: 12   Next: 24%
MP  12/12        EV  7     Int  8      God: Beogh [*****.]
Gold 607         SH 21     Dex 10      Spells:  0 memorised, 11 levels left

rFire  + + +     SeeInvis +     b - +2 hand axe (elec)
rCold  x . .     Clarity  .     c - +0 scale mail
rNeg   . . .     Conserve .     o - -1 shield {AC+3}
rPois  .         rCorr    .     w - +0 helmet
rElec  .         rRot     .     (no cloak)
SustAb . .       Spirit   .     (no gloves)
rMut   .         Warding  .     (no boots)
Saprov + . .     Stasis   .     (no amulet)
MR     .....                    K - ring of see invisible
                                h - +3 ring of strength

@: about to teleport, not resistant to hostile enchantments, extremely
unstealthy
A: walk on water, conserve scrolls, saprovore 1
a: Smiting, Recall Orcish Followers, Renounce Religion


You were on level 3 of the Lair of Beasts.
You worshipped Beogh.
Beogh was extremely pleased with you.
You were not hungry.

You visited 2 branches of the dungeon, and saw 13 of its levels.

You collected 607 gold pieces.

Inventory:

Hand weapons
 a - a +0,-4 war axe
 b - a +2,+2 hand axe of electrocution (weapon)
 C - a +0,+0 war axe
Missiles
 v - 11 darts of frost (quivered)
 F - 7 tomahawks
Armour
 c - a +0 scale mail (worn)
 o - a -1 shield of protection (worn)
 w - a +0 helmet (worn)
Magical devices
 i - a wand of flame (7) {unknown}
 r - a wand of magic darts (21)
 D - a wand of lightning (2)
 J - a wand of draining (3)
 L - a wand of cold (7) {unknown}
 N - a wand of enslavement (9)
 P - a wand of fireball (3) {unknown}
Comestibles
 d - 6 meat rations
 q - 9 bread rations
 t - 3 royal jellies
 H - 6 honeycombs
 S - 2 lychees
 W - a pear
Scrolls
 f - 3 scrolls of fear
 g - 3 scrolls of magic mapping
 j - 14 scrolls of identify
 p - 3 scrolls of recharging
 s - 2 scrolls of teleportation
 x - 2 scrolls of enchant weapon II
 y - 2 scrolls of random uselessness
 G - 3 scrolls of remove curse
 I - a scroll of enchant armour
 R - a scroll of acquirement {unknown}
 T - a scroll of fog {unknown}
Jewellery
 h - a +3 ring of strength (left hand)
 k - an uncursed ring of invisibility
 m - an uncursed ring of wizardry
 n - an uncursed ring of ice
 B - an uncursed ring of wizardry
 E - an uncursed ring of magical power
 K - a ring of see invisible (right hand)
 M - an uncursed amulet of guardian spirit {unknown}
 O - an uncursed ring of magical power
Potions
 e - a potion of might
 l - 5 potions of curing
 u - a potion of haste
 z - 3 potions of restore abilities
 A - a potion of magic
 Q - a potion of paralysis {unknown}
 U - 2 potions of mutation {unknown}
 V - a potion of brilliance


   Skills:
 - Level 3.6 Fighting
 + Level 21.5 Axes
 - Level 3.2 Armour
 - Level 3.2 Shields


You had 11 spell levels left.
You didn't know any spells.

Dungeon Overview and Level Annotations

Branches:
Dungeon (10/15)            Temple (0/1) D:6            Lair (3/8) D:10
    Orc: D:9-12       Swamp: Lair:3-6    Shoals: Lair:3-6     Snake: Lair:3-6
 Spider: Lair:3-6

Altars:
Ashenzari
Nemelex Xobeh
Trog
Yredelemnul
The Shining One

Shops:
D:4 ?   D:5 }   D:7 (   D:9 }   D:10 !


Innate Abilities, Weirdness & Mutations

You have stony skin.
Your flesh is almost immune to the effects of heat.
Your fire spells are more powerful.
Your flesh is vulnerable to cold.
Your heat harms attackers.
You bathe your surroundings in blazing heat.
You are too hot to use scrolls.
You can walk on water.
You are very good at protecting items from fire.
You can tolerate rotten meat.


Message History

You feel strangely unstable.
You feel sick.
You block the six-headed hydra's attack.
The six-headed hydra bites you!
* * * LOW HITPOINT WARNING * * *
The six-headed hydra bites you!
* * * LOW HITPOINT WARNING * * *
The six-headed hydra bites you but does no damage.
You block the six-headed hydra's attack.
Unknown command.
Drink which item? (? for menu, Esc to quit)
You feel better.
The six-headed hydra bites you but does no damage.
The six-headed hydra appears unharmed.
The six-headed hydra barely misses you. The six-headed hydra bites you.
* * * LOW HITPOINT WARNING * * *
The six-headed hydra is singed by your heat.
The six-headed hydra is lightly wounded.
The six-headed hydra closely misses you.
The six-headed hydra barely misses you. The six-headed hydra bites you!
You die...

#.#...... ...
.............. #....
#.................... #
..#...................
..#....................
........................
....................%...
.......r......(.........
#.......D.........#......
#.....@........%...)...
#...?..........%#......
###....................
##.........(....(....
##........?.........
##.................
#................#
##..............##
#.............##


You could see a six-headed hydra and a quokka.

Vanquished Creatures
  Erica (D:10)
  5 death yaks
  A hill giant (D:9)
  Pikel (D:4)
  2 black mambas
  A spiny frog (Lair:2)
  3 komodo dragons
  A queen bee (D:8)
  The ghost of Kae the Cleaver, an average HOFi (D:4)
  A vampire mosquito (Lair:2)
  Eustachio (D:8)
  8 yaks
  2 hippogriffs
  3 steam dragons
  A hungry ghost (D:8)
  Edmund (D:8)
  A necrophage (D:8)
  5 water moccasins
  A black bear (D:8)
  2 orc warriors
  2 sky beasts
  A giant goldfish (Lair:2)
  2 porcupines (Lair:3)
  2 phantoms
  A slave (D:4)
  3 ogres
  2 centaurs
  3 crocodiles
  Blork the orc (D:8)
  3 giant slugs
  5 giant frogs
  6 scorpions
  An eye of draining (D:9)
  A giant goldfish zombie (D:3)
  22 killer bees
  2 electric eels (Lair:2)
  A crimson imp (D:9)
  A goliath beetle (D:7)
  An orc priest (D:8)
  6 hounds
  A quasit (D:7)
  3 jellies
  6 worker ants
  A big fish (Lair:2)
  A giant frog skeleton (D:7)
  6 iguanas
  4 orc wizards
  6 sheep
  8 adders
  13 gnolls
  3 green rats (Lair:2)
  A big fish zombie (D:3)
  A shadow imp (D:6)
  5 worms
  An adder zombie (D:7)
  An orc zombie (D:8)
  2 giant eyeballs
  7 giant geckos
  An ooze (D:2)
  14 orcs
  A ball python (D:2)
  13 bats
  A bat zombie (D:8)
  3 giant cockroaches
  10 goblins
  13 hobgoblins
  13 jackals
  13 quokkas
  9 giant newts
  A giant spore (D:8)
  15 kobolds
  A kobold skeleton (D:4)
  2 orc skeletons
  16 rats
  2 ballistomycetes (D:8)
  4 fungi
  A plant (Lair:2)
311 creatures vanquished.

Vanquished Creatures (collateral kills)
  A hydra (Lair:2)
  Harold (Lair:1)
  An unseen horror (D:10)
  A hill giant (D:10)
  A troll (D:9)
  A komodo dragon (Lair:2)
  3 spectral orcs (D:10)
  2 spiny frogs (Lair:2)
  A wraith (D:10)
  3 yaks
  A steam dragon (D:9)
  A hungry ghost (D:9)
  3 vampire mosquitoes (Lair:2)
  6 sharks (Lair:2)
  An electric eel (Lair:2)
  2 water moccasins (Lair:1)
  A black bear (Lair:2)
  A porcupine (Lair:2)
  A giant goldfish (Lair:2)
  A big fish (Lair:2)
  3 crocodiles
  A big kobold (D:9)
  A gnoll sergeant (D:9)
  3 giant frogs
  An insubstantial wisp (Lair:2)
  A cyclops skeleton (D:9)
  4 killer bees
  2 crimson imps
  A goliath beetle (D:9)
  3 iguanas
  A worker ant (D:9)
  7 sheep
  2 gnolls (D:9)
  A scorpion zombie (D:10)
  An orc skeleton (D:10)
  An adder (Lair:1)
  3 green rats (Lair:2)
  2 giant geckos
  4 jackals (Lair:1)
  2 quokkas
  4 bats
  3 kobolds (D:9)
  2 rats
  2 fungi
  A plant (Lair:2)
89 creatures vanquished.

Vanquished Creatures (others)
  Urug (Lair:2)
  Nergalle (Lair:2)
  A slave (D:4)
  2 orc warriors
  An orc priest (D:8)
  An orc wizard (D:8)
  A worker ant (D:4)
  11 orcs
  A bat (D:4)
  A hobgoblin (D:4)
  3 spectral orcs
  2 plants (Lair:2)
26 creatures vanquished.

Grand Total: 426 creatures vanquished

Notes
Turn   | Place    | Note
--------------------------------------------------------------
     0 | D:1      | Kae, the Lava Orc Fighter, began the quest for the Orb.
     0 | D:1      | Reached XP level 1. HP: 19/19 MP: 1/1
   283 | D:1      | Reached XP level 2. HP: 24/26 MP: 2/2
   469 | D:1      | Reached skill level 4 in Axes
   760 | D:2      | Reached XP level 3. HP: 28/31 MP: 3/3
  1362 | D:3      | Reached skill level 5 in Axes
  1601 | D:3      | Reached XP level 4. HP: 39/39 MP: 4/4
  1861 | D:3      | Became a worshipper of Beogh the Brigand
  1929 | D:3      | Reached skill level 6 in Axes
  1932 | D:3      | Found a basalt altar of Yredelemnul.
  2369 | D:4      | Reached XP level 5. HP: 40/45 MP: 5/5
  2745 | D:4      | Paralysed by a giant eyeball for 4 turns
  2752 | D:4      | Paralysed by a giant eyeball for 3 turns
  2758 | D:4      | Paralysed by a giant eyeball for 4 turns
  2845 | D:4      | Noticed Kae's ghost (average HOFi)
  3178 | D:4      | Killed Kae's ghost
  3178 | D:4      | Reached skill level 8 in Axes
  3178 | D:4      | Reached XP level 6. HP: 19/51 MP: 6/6
  3908 | D:4      | Found a shattered altar of Ashenzari.
  3910 | D:4      | Noticed a phantom
  3926 | D:4      | Reached skill level 9 in Axes
  3955 | D:4      | Killed a phantom
  3955 | D:4      | Reached XP level 7. HP: 29/57 MP: 7/7
  3987 | D:4      | Noticed a slave
  3988 | D:4      | Noticed Pikel
  3988 | D:4      | Noticed a slave
  4034 | D:4      | Killed a slave
  4057 | D:4      | Killed Pikel
  4057 | D:4      | Reached skill level 11 in Axes
  4057 | D:4      | Reached XP level 8. HP: 5/64 MP: 8/8
  4326 | D:4      | Killed a freed slave
  4370 | D:4      | Noticed a freed slave
  4500 | D:4      | Noticed a freed slave
  4503 | D:4      | Found Lenwoskum's Magic Scroll Shoppe.
  4537 | D:5      | Entered Level 5 of the Dungeon
  4557 | D:5      | Found a glowing golden altar of the Shining One.
  4677 | D:5      | Found Founoiwk's Gadget Boutique.
  4860 | D:5      | Reached skill level 12 in Axes
  5019 | D:5      | Acquired Beogh's first power
  5234 | D:6      | Found a sparkling altar of Nemelex Xobeh.
  5263 | D:6      | Found a staircase to the Ecumenical Temple.
  5558 | D:6      | Reached skill level 13 in Axes
  6086 | D:7      | Reached XP level 9. HP: 67/70 MP: 9/9
  6250 | D:7      | Acquired Beogh's second power
  6280 | D:7      | Found Lower's Weapon Boutique.
  6307 | D:7      | Found a bloodstained altar of Trog.
  6340 | D:7      | Reached skill level 14 in Axes
  6748 | D:8      | Noticed Blork the orc
  6765 | D:8      | Killed Blork the orc
  7006 | D:8      | Reached skill level 15 in Axes
  7259 | D:8      | Acquired Beogh's third power
  7259 | D:8      | Reached skill level 16 in Axes
  7316 | D:8      | Reached XP level 10. HP: 9/77 MP: 10/10
  7379 | D:8      | HP: 1/77 [killer bee (8)]
  7729 | D:8      | Noticed Edmund
  7736 | D:8      | Killed Edmund
  7880 | D:8      | Noticed Eustachio
  7889 | D:8      | Killed Eustachio
  8012 | D:8      | Paralysed by a giant eyeball for 3 turns
  8175 | D:9      | Noticed a hill giant
  8188 | D:9      | Killed a hill giant
  8285 | D:9      | Reached skill level 17 in Axes
  8396 | D:9      | Acquired Beogh's fourth power
  8408 | D:9      | Gained Borgun as an ally
  8408 | D:9      | Gained Wardok as an ally
  8496 | D:9      | Found Cifaacs' Gadget Boutique.
  8881 | D:9      | Reached skill level 18 in Axes
  9051 | D:10     | Entered Level 10 of the Dungeon
  9098 | D:10     | Noticed Urug
  9277 | D:10     | Noticed Erica
  9283 | D:10     | Killed Erica
  9399 | D:10     | Noticed a hill giant
  9406 | D:10     | Killed a hill giant
  9525 | D:10     | Noticed Nergalle
  9762 | D:10     | Noticed an unseen horror
  9765 | D:10     | Killed an unseen horror
  9765 | D:10     | Reached XP level 11. HP: 64/82 MP: 11/11
  9959 | D:10     | Found a staircase to the Lair.
 10387 | D:10     | Found Stroum Qiam's Distillery.
 10610 | Lair:1   | Entered Level 1 of the Lair of Beasts
 10793 | Lair:1   | Noticed Harold
 10807 | Lair:1   | Killed Harold
 10807 | Lair:1   | Reached skill level 19 in Axes
 11335 | Lair:1   | Found a frozen archway.
 12287 | Lair:2   | Gained Boldo as an ally
 12305 | Lair:2   | Acquired Beogh's fifth power
 12315 | Lair:2   | Noticed an eight-headed hydra
 12319 | Lair:2   | Killed an eight-headed hydra
 12468 | Lair:2   | Your ally Wardok died
 12475 | Lair:2   | Nergalle (ally) was killed
 12475 | Lair:2   | Your ally died
 12497 | Lair:2   | Urug (ally) was killed
 12497 | Lair:2   | Your ally died
 12817 | Lair:2   | Reached skill level 20 in Axes
 13761 | Lair:3   | Noticed a death yak
 13762 | Lair:3   | Noticed a death yak
 13762 | Lair:3   | Noticed a death yak
 13763 | Lair:3   | Noticed a death yak
 13765 | Lair:3   | Noticed a death yak
 13790 | Lair:2   | Killed a death yak
 13925 | Lair:2   | HP: 4/82 [death yak (12)]
 13930 | Lair:2   | Killed a death yak
 13931 | Lair:2   | Killed a death yak
 13931 | Lair:2   | HP: 4/82 [death yak (10)]
 13931 | Lair:2   | Killed a death yak
 13931 | Lair:2   | Reached skill level 21 in Axes
 13931 | Lair:2   | Reached XP level 12. HP: 4/90 MP: 12/12
 14281 | Lair:3   | Killed a death yak
 14510 | Lair:3   | Noticed a five-headed hydra
 14519 | Lair:3   | HP: 1/90 [six-headed hydra (10)]
 14520 | Lair:3   | Slain by a six-headed hydra

Action                   |  1- 3 |  4- 6 |  7- 9 | 10-12 || total
-------------------------+-------+-------+-------+-------++-------
Melee: War axe           |   120 |       |    31 |       ||   151
       Hand axe          |    50 |   197 |   352 |   509 ||  1108
Invok: Convert to Beogh  |       |     1 |       |       ||     1
       Smiting           |       |       |       |     1 ||     1
       Recall Orcish Fol |       |       |       |     1 ||     1
Evoke: Wand              |       |       |     2 |     3 ||     5
  Use: Scroll            |     8 |     1 |     2 |     4 ||    15
       Potion            |       |     7 |     5 |    11 ||    23
 Stab: Distracted        |       |       |       |     6 ||     6
